 Dungeon Crawl Stone Soup version 0.30-a0-311-gf115ab0292 (webtiles) character file.

Game seed: 4746031857813268109

4 Powertoast the Trooper (level 1, 24/24 HPs)
             Began as an Ogre Cinder Acolyte on Oct 25, 2022.
             Was a High Priest of Ignis.
             Quit the game on level 1 of the Dungeon.
             The game lasted 00:00:38 (132 turns).

Powertoast the Trooper (Ogre Cinder Acolyte)         Turns: 132, Time: 00:00:39

Health: 24/24      AC:  3    Str: 17    XL:     1   Next: 60%
Magic:  2/3        EV:  9    Int: 15    God:    Ignis [*****.]
Gold:   0          SH:  0    Dex:  4    Spells: 3/3 levels left

rFire   + . .      SeeInvis .    a - -1 spear (flame)
rCold   . . .      Faith    .    (no shield)
rNeg    . . .      Spirit   .    b - +0 robe
rPois   .          Reflect  .    (helmet restricted)
rElec   .          Harm     .    (no cloak)
rCorr   .          Rampage  .    (gloves unavailable)
Will    .....                    (boots unavailable)
Stlth   +.........               (no amulet)
HPRegen 0.24/turn                (no ring)
MPRegen 0.08/turn                (no ring)

@: no status effects
A: large, unfitting armour, tough skin 1
a: Renounce Religion, Fiery Armour, Foxfire Swarm, Rising Flame


You were on level 1 of the Dungeon.
You worshipped Ignis.
Ignis was extremely pleased with you.
You visited 1 branch of the dungeon, and saw 1 of its levels.

Inventory:

Hand Weapons
 a - a -1 spear of flaming (weapon)
Armour
 b - a +0 robe (worn)


   Skills:
 - Level 4.0 Fighting
 - Level 3.0 Polearms
 + Level 1.5 Spellcasting
 + Level 2.8 Fire Magic


You had 3 spell levels left.
You didn't know any spells.
Your spell library contained the following spells:

 Spells                   Type           Power      Damage    Failure   Level
 Scorch                   Fire           18%        2d6       11%         2


Dungeon Overview and Level Annotations

Branches:
Dungeon (1/15)

Altars:


Innate Abilities, Weirdness & Mutations

You are too large for most types of armour.
You have tough skin. (AC +1)


Message History

Found a staircase leading out of the dungeon.
You open the door.
There is an open door here.
You see here a +0 robe.
You open the door.
There is an open door here.
Found a whip.
You see here a +0 whip.
A bat comes into view.
The bat moves out of view.
The bat hits you but does no damage.
You reach to attack!
You hit the bat but do no damage. The bat hits you but does no damage.
You hit the bat. You burn the bat.
You kill the bat!
No target in view!
c - a scroll labelled XEUSIKIDOO A frilled lizard comes into view.
Found a cloak.
Found a stone staircase leading down.
The frilled lizard hisses angrily.
You reach to attack!
You hit the frilled lizard but do no damage.
You barely miss the frilled lizard. The frilled lizard closely misses you.
You barely miss the frilled lizard. The frilled lizard bites you.
You barely miss the frilled lizard. The frilled lizard barely misses you.
You puncture the frilled lizard! You burn the frilled lizard.
You kill the frilled lizard!
No target in view!
As you read the scroll labelled XEUSIKIDOO, it crumbles to dust.
It is a scroll of identify.
You don't have any unidentified items.
HP restored.
There is a stone staircase leading down here.
You see here a +0 cloak.
A dart slug comes into view.
You hit the dart slug. You burn the dart slug.
The dart slug is severely wounded.
You hit the dart slug. You burn the dart slug.
You kill the dart slug!
Are you sure you want to abandon this character and quit the game? (Confirm with "yes".)

#####....>..####
#.###......#
#.#.....##.#
#.#......#.#
#.#........#
#.#......########
#.#..............
#.#.############.
#.#.........@.#
#.###########†#
#...........#.#
###############.#.#
..............#.#.#
#############.#.#.#
#.#.#.# #.#.#..
#...#


There were no monsters in sight!

Vanquished Creatures
  A dart slug (D:1)
  A bat (D:1)
  A frilled lizard (D:1)
3 creatures vanquished.

Notes
Turn   | Place    | Note
-------+----------+-------------------------------------------
     0 | D:1      | Powertoast the Ogre Cinder Acolyte began the quest for the
                  | Orb.
     0 | D:1      | Reached XP level 1. HP: 24/24 MP: 2/2
   132 | D:1      | Quit the game

Illustrated notes

Levels and vault maps discovered:
D:1:      minmay_arrival_stair_chambers, layout_basic, serial_shops,
          nicolae_shop_bloodbath_and_beyond

Action                   || total
-------------------------++-------
Melee: Spear             ||     9
  Use: Scroll            ||     1
Armor: Robe              ||     2
Dodge: Dodged            ||     2

Table legend: (Time is in decaauts)
 A = Elapsed time spent in this place.
 B = Non-inter-level travel time spent in this place.
 C = Inter-level travel time spent in this place.
 D = Time resting spent in this place.
 E = Time spent auto-exploring this place.
 F = Levels seen in this place.
 G = Mean time per level.
                   A        B        C        D        E       F      G
               +--------+--------+--------+--------+--------+-----+--------+
         Total |    131 |    131 |      0 |      0 |    114 |   1 |  131.0 |
       Dungeon |    131 |    131 |      0 |      0 |    114 |   1 |  131.0 |
               +--------+--------+--------+--------+--------+-----+--------+

Top non-repeatable levels by time:
     D:1: 131 daAuts
